Unix NetHack Version 3.7.0-86 Work-in-progress - last build May 30 2023 11:53:40 (cc98dc9aa62a9957b082a042edf5bd7ec9f632c7,branch:master). Game began 2023-06-23 09:47:44, ended 2023-06-23 10:16:41. Serel, lawful male human Samurai ------- |......# |<....| |.....| +@s:..| |..d..| ---.--- # # ## # Serel the Ninja St:18 Dx:12 Co:18 In:8 Wi:10 Ch:9 Lawful S:3394 Dlvl:9 $:60 HP:0(68) Pw:37(37) AC:10 Xp:7/731 T:4356 Burdened Latest messages: The door opens. You fall down the stairs. Wanwan picks up a white potion. What do you want to put on? [fsV or ?*] f You are now wearing a blindfold. You can't see any more. What do you want to remove? [f or ?*] f You were wearing an uncursed blindfold. You can see again. You swap places with Wanwan. The gray unicorn butts! The gray unicorn kicks! You hit the gray unicorn! The gray unicorn butts! The gray unicorn kicks! The gray unicorn butts! The gray unicorn kicks! The gray unicorn butts! The gray unicorn kicks! What do you want to put on? [fsV or ?*] f You are now wearing a blindfold. You can't see any more. You hear some noises. The garter snake turns into a balrog! What do you want to remove? [f or ?*] f You were wearing an uncursed blindfold. You can see again. Wanwan eats a gray unicorn corpse. You swap places with Wanwan. You have a little trouble lifting Y - a unicorn horn. You hear a door open. The lizard bites! You hit the lizard! You hit the lizard. The lizard bites! You hit the lizard. The lizard bites! Wanwan bites the lizard. The lizard misses Wanwan. Wanwan bites the lizard. The lizard misses Wanwan. Wanwan bites the lizard. What do you want to write with? [- a-dpsvwyBFGJMRV or ?*] - You write in the dust with your fingertip. Wanwan misses the giant spider. The giant spider bites! Wanwan misses the giant spider. The giant spider bites! You die... Do you want your possessions identified? q Inventory: Coins ('$') $ - 60 gold pieces Weapons (')') a - an uncursed +0 katana (weapon in hand) b - an uncursed +0 wakizashi (alternate weapon; not wielded) c - an uncursed +0 yumi d - 24 uncursed +0 ya (in quiver) M - an uncursed +0 dwarvish mattock Armor ('[') e - a blessed rustproof +0 splint mail E - an uncursed +0 pair of iron shoes L - an uncursed +0 dwarvish iron helm Comestibles ('%') h - an uncursed tripe ration k - an uncursed lichen corpse Scrolls ('?') m - an uncursed scroll of identify n - a blessed scroll of identify H - an uncursed scroll of teleportation P - 5 uncursed scrolls of blank paper Q - 2 blessed scrolls of blank paper W - a blessed scroll of light Spellbooks ('+') g - an uncursed spellbook of invisibility Potions ('!') j - an uncursed potion of fruit juice o - a blessed potion of confusion q - an uncursed potion of restore ability r - an uncursed potion of confusion u - an uncursed potion of healing x - 2 uncursed potions of extra healing O - an uncursed potion of full healing S - an uncursed potion of gain level T - an uncursed potion of monster detection Rings ('=') s - an uncursed ring of poison resistance V - an uncursed ring of poison resistance Tools ('(') f - an uncursed blindfold l - an uncursed leash t - an uncursed oil lamp X - an uncursed stethoscope Y - an uncursed +0 unicorn horn Gems/Stones ('*') p - an uncursed worthless piece of yellowish brown glass v - 3 uncursed worthless pieces of white glass w - 2 uncursed jet stones y - an uncursed worthless piece of green glass B - 2 uncursed worthless pieces of blue glass F - 2 uncursed worthless pieces of orange glass G - a cursed jacinth stone J - an uncursed agate stone R - an uncursed worthless piece of violet glass Serel the Samurai's attributes: Background: You were a Ninja, a level 7 male human Samurai. You were lawful, on a mission for Amaterasu Omikami who was opposed by Raijin (neutral) and Susanowo (chaotic). You were in the Dungeons of Doom, on level 9. You entered the dungeon 4356 turns ago. You had 731 experience points, 549 more were needed to attain level 8. Your score was 3394 before end-of-game adjustments. Basics: You had 0 out of 68 hit points. You had all 37 energy points (spell power). Your armor class was 10. Your wallet contained 60 zorkmids. Autopickup was on for '$"?+!=/' plus thrown, with exceptions. Final Characteristics: Your strength was 18 (peak:18/01, limit:18/100). Your dexterity was 12 (limit:18). Your constitution was 18 (limit:18). Your intelligence was 8 (limit:18). Your wisdom was 10 (limit:18). Your charisma was 9 (limit:18). Final Status: You were not hungry. You were burdened; movement was slightly slowed. You were wielding a long sword. You were skilled in long sword. You were not wearing any armor. Final Attributes: You were piously aligned. You were telepathic. You were fast. You are dead. Miscellaneous: You never encountered a bones level. Total elapsed playing time was 28 minutes and 57 seconds. Major events: Turn 1: Serel the lawful male human Samurai entered the dungeon 848: entered the Gnomish Mines 859: attained the rank of Ronin (level 3) 2339: attained the rank of Ninja (level 6) 4356: killed by a giant spider Vanquished creatures: a giant beetle 3 wolves a leprechaun a gray unicorn a raven a plains centaur 2 gnome mummies a bugbear a wood nymph 5 Mordor orcs 2 rock piercers a rock mole 2 ponies a yellow light 2 shriekers a violet fungus 4 gnome leaders 2 paper golems 2 giant ants 2 floating eyes 2 kittens 7 dwarves 3 rothes a giant bat an orc zombie a wererat an iguana a gas spore 2 hobbits a hobgoblin 4 giant rats 3 cave spiders a brown mold a yellow mold 18 gnomes 2 jackals 2 foxes a goblin 5 grid bugs a bat 4 lichens a kobold zombie 12 newts 111 creatures vanquished. No species were genocided or became extinct. Voluntary challenges: You read items or engraved 2 times. You engraved Elbereth 1 time. You never genocided any monsters. You never polymorphed an object. You used no wishes. Achievements: You entered the Gnomish Mines. You attained the rank of Ronin. You attained the rank of Ninja. You entered a shop. The Dungeons of Doom: levels 1 to 9 Level 1: Many fountains, a grave. Level 2: An altar to Amaterasu Omikami, a fountain. Level 3: Stairs down to The Gnomish Mines. Level 4: A general store. Level 5: Level 6: A grave. Level 7: A fountain. Level 8: Some altars. Level 9: <- You were here. Final resting place for you, killed by a giant spider. The Gnomish Mines: levels 4 to 6 Level 4: Level 5: Level 6: Game over: ---------- / \ / REST \ / IN \ / PEACE \ / \ | Serel | | 60 Au | | killed by a | | giant spider | | | | | | 2023 | *| * * * | * _________)/\\_//(\/(/\)/\//\/|_)_______ Sayonara Serel the Samurai... You died in The Dungeons of Doom on dungeon level 9 with 3388 points, and 60 pieces of gold, after 4356 moves. You were level 7 with a maximum of 68 hit points when you died.